 Dungeon Crawl Stone Soup version 0.17.1-3-g152610e (webtiles) character file.

1189 Gargoyl the Covered (level 8, -11/61 HPs)
             Began as a Demonspawn Abyssal Knight on Apr 6, 2016.
             Was a Priest of Lugonu.
             Killed by nerve-wracking pain
             ... invoked by an orc priest
              (14 damage)
             ... on level 5 of the Dungeon on Apr 7, 2016.
             The game lasted 00:17:46 (6924 turns).

Gargoyl the Covered (Demonspawn Abyssal Knight)     Turns: 6924, Time: 00:17:47

Health: -11/61     AC: 15    Str: 14      XL:     8   Next: 19%
Magic:  5/9        EV:  7    Int: 15      God:    Lugonu [***...]
Gold:   371        SH:  0    Dex: 12 (15) Spells: 0 memorised, 7 levels left

rFire  . . .     SeeInvis .     u - +0 war axe
rCold  + . .     Clarity  .     t - +0 plate armour
rNeg   + . .     SustAt   .     (no shield)
rPois  .         Gourm    .     (no helmet)
rElec  .         Spirit   .     r - +1 cloak
rCorr  .         Warding  .     (no gloves)
rMut   .         Stasis   .     (no boots)
MR     .....                    (no amulet)
Stlth  ..........               o - +3 ring of dexterity
                                p - ring of positive energy

@: slowed, very slow, not resistant to hostile enchantments, extremely
unstealthy
A: claws 2, repulsion field 1, cold resistance 1, freezing cloud immunity
a: Depart the Abyss, Bend Space, Banish, Renounce Religion


You were on level 5 of the Dungeon.
You worshipped Lugonu.
Lugonu was most pleased with you.
You were hungry.

You visited 1 branch of the dungeon, and saw 5 of its levels.
You visited the Abyss 1 time.
You also visited: Ossuary.

You collected 371 gold pieces.

Inventory:

Hand Weapons
 i - a +0 halberd
 u - a +0 war axe (weapon)
 x - a +0 blowgun
 z - a +2 flail of protection
Missiles
 y - 44 poisoned needles
Armour
 r - a +1 cloak (worn)
 t - a +0 plate armour (worn)
Jewellery
 d - an uncursed ring of protection from magic
 l - an uncursed ring of poison resistance
 o - a +3 ring of dexterity (right claw)
 p - a ring of positive energy (left claw)
Scrolls
 a - 2 scrolls of enchant weapon {unknown}
 b - 8 scrolls of identify
 e - a scroll of recharging
 s - 2 scrolls of remove curse
 w - a scroll of amnesia {unknown}
Potions
 k - a potion of curing
 n - a potion of brilliance
 q - a potion of degeneration
Comestibles
 c - 2 bread rations
 f - a chunk of flesh
 g - a royal jelly
 j - 3 meat rations
 m - 5 fruits


   Skills:
 + Level 4.8 Fighting
 + Level 3.9 Axes
 + Level 0.3 Throwing
 * Level 6.5 Armour
 + Level 3.6 Dodging
 + Level 0.6 Stealth
 + Level 2.6 Invocations


You had 7 spell levels left.
You didn't know any spells.

Dungeon Overview and Level Annotations

Branches:
Dungeon (5/15)             Temple (0/1) D:5

Altars:
Ashenzari
Cheibriados
Dithmenos
Makhleb
Trog


Innate Abilities, Weirdness & Mutations

You have very sharp fingernails.
You are surrounded by a mild repulsion field (EV +2).
Your flesh is cold resistant.
You are immune to freezing clouds.


Message History

The orc wizard is lightly wounded.
You hit the orc priest.
The orc priest is heavily wounded.
The orc priest hits you but does no damage.
The orc wizard hits you but does no damage.
The orc priest hits you but does no damage.
The orc wizard hits you but does no damage.
The orc priest invokes the aid of Beogh against you.
Something smites you!
* * * LOW HITPOINT WARNING * * *
The orc priest hits you but does no damage.
Press: ? - help, Shift-Dir - straight line, f - orc priest
Aim: an orc priest, wielding a mace (heavily wounded, chance to defeat MR: 65%)
The orc priest is devoured by a tear in reality.
Lugonu claims a new guest.
You are feeling hungry.
The orc wizard hits you but does no damage.
The orc priest invokes the aid of Beogh against you.
Pain shoots through your body!
You die...

**,,** **,,** *8,*#..#.#.###
***********************#[#.#.#...
,,,,,,,,,,,,,,,,,,,,,,*#.#.#.#.>.
≈≈≈≈≈≈≈≈≈≈≈≈≈≈≈≈≈≈≈≈≈≈≈#.#.#.#...
≈≈≈≈≈≈≈≈≈≈≈≈≈≈≈≈≈≈≈≈≈≈≈#..#.#.###
,,,,,,,,,,,,,,,,,,,,,,*#..#..#...
*####*####*####+########...#..###
##8.###8(###8(#§o).....#....##...
..............'§@o.....#.>....###
########################.........
.# #...##..#,.....,..#.........).
.###...##..#,,......,#........†).
.......##..#**#.##.#*#....#######
.......##..####.##'#########....#
..........................'......
....#..##.................#......
#########.................#......


You could see an orc priest and an orc wizard.

Vanquished Creatures
  Pikel (D:3)
  Edmund (D:4)
  A slave (D:3)
  A crimson imp (D:5)
  3 hounds (D:4)
  An orc priest (D:5)
  A giant frog skeleton (D:5)
  3 worker ants
  Natasha (twice) (D:4)
  An iguana (D:5)
  2 mummies (Ossuary)
  5 gnolls
  13 adders
  3 worms
  2 giant geckos
  7 orcs
  8 bats
  5 giant cockroaches
  10 goblins
  8 hobgoblins
  3 quokkas
  2 ball pythons
  A giant gecko skeleton (D:5)
  A giant gecko zombie (D:5)
  6 giant newts
  14 jackals
  9 kobolds
  6 rats
  A fungus (D:2)
121 creatures vanquished.

Vanquished Creatures (others)
  2 orc priests
  2 slaves (D:4)
  An orc wizard (D:4)
  A worker ant (D:4)
  An adder skeleton (D:4)
  5 orcs (D:4)
  A giant newt (D:4)
  A quokka (D:4)
  A fungus (D:2)
15 creatures vanquished.

Grand Total: 136 creatures vanquished

Notes
Turn   | Place    | Note
--------------------------------------------------------------
     0 | Abyss:1  | Gargoyl the Demonspawn Abyssal Knight began the quest for the Orb.
     0 | Abyss:1  | Reached XP level 1. HP: 18/18 MP: 2/2
   274 | Abyss:1  | Noticed a small abomination
   281 | Abyss:1  | Noticed a small abomination
   282 | Abyss:1  | Noticed a large abomination
   293 | D:1      | Escaped the Abyss
   318 | D:1      | Gained mutation: You have sharp fingernails. [demonic ancestry]
   318 | D:1      | Reached XP level 2. HP: 12/24 MP: 3/3
   566 | D:1      | Reached * piety under Lugonu
  1192 | D:1      | Gained mutation: You are surrounded by a mild repulsion field (EV +2). [demonic ancestry]
  1192 | D:1      | Reached XP level 3. HP: 27/29 MP: 2/4
  1669 | D:2      | Reached skill level 1 in Dodging
  2132 | D:2      | Gained mutation: Your flesh is cold resistant. [demonic ancestry]
  2132 | D:2      | Reached XP level 4. HP: 2/35 MP: 5/5
  3119 | D:2      | Reached ** piety under Lugonu
  3849 | D:3      | Gained mutation: You are immune to freezing clouds. [demonic ancestry]
  3849 | D:3      | Reached XP level 5. HP: 39/42 MP: 6/6
  4219 | D:3      | Found a shattered altar of Ashenzari.
  4222 | D:3      | Found a snail-covered altar of Cheibriados.
  4225 | D:3      | Found a bloodstained altar of Trog.
  4354 | D:4      | Noticed Pikel
  4354 | D:4      | Noticed a slave
  4354 | D:4      | Noticed a slave
  4354 | D:4      | Noticed a slave
  4355 | D:4      | Noticed a slave
  4367 | D:3      | Killed a slave
  4394 | D:3      | Killed Pikel
  4394 | D:3      | Reached skill level 4 in Fighting
  4394 | D:3      | Reached skill level 5 in Armour
  4394 | D:3      | Reached XP level 6. HP: 32/48 MP: 7/7
  4394 | D:3      | Reached XP level 7. HP: 36/54 MP: 8/8
  4534 | D:4      | Killed a freed slave
  4790 | D:4      | Reached *** piety under Lugonu
  5029 | D:4      | Noticed Natasha
  5046 | D:4      | Killed Natasha
  5317 | D:4      | Noticed Edmund
  5343 | D:4      | Killed Edmund
  5488 | D:4      | Killed a freed slave
  5604 | D:4      | Reached skill level 6 in Armour
  5772 | D:4      | Noticed Natasha
  5784 | D:4      | Killed Natasha
  6015 | D:5      | Entered Level 5 of the Dungeon
  6064 | D:5      | Found a staircase to the Ecumenical Temple.
  6076 | D:5      | Gained mutation: You have very sharp fingernails. [demonic ancestry]
  6076 | D:5      | Reached XP level 8. HP: 48/61 MP: 9/9
  6094 | D:5      | Found a sand-covered staircase.
  6099 | Ossuary  | Entered an ossuary
  6143 | Ossuary  | Noticed SaintRoka's ghost (novice NaAE)
  6875 | D:5      | Found a burning altar of Makhleb.
  6876 | D:5      | Found a shadowy altar of Dithmenos.
  6923 | D:5      | HP: 3/61 [orc priest/divine providence (15)]
  6924 | D:5      | Killed from afar by an orc priest

Action                   |  1- 3 |  4- 6 |  7- 9 || total
-------------------------+-------+-------+-------++-------
Melee: Hand axe          |   114 |   172 |       ||   286
       War axe           |       |    57 |   256 ||   313
 Fire: Blowgun           |       |       |     7 ||     7
Invok: Depart the Abyss  |     1 |       |       ||     1
       Banish            |       |       |     1 ||     1
  Use: Potion            |       |     7 |     3 ||    10
       Scroll            |       |       |     8 ||     8
  Eat: Chunk             |     4 |     2 |    10 ||    16
       Bread ration      |       |     1 |       ||     1
